 Dungeon Crawl Stone Soup version 0.18.1-48-g4cf74bf (webtiles) character file.

20 Alarkh the Poker (level 2, -6/22 HPs)
             Began as a Mummy Skald on July 8, 2016.
             Mangled by a worm (9 damage)
             ... on level 1 of the Dungeon.
             The game lasted 00:00:54 (698 turns).

Alarkh the Poker (Mummy Skald)                       Turns: 698, Time: 00:00:55

Health: -6/22      AC:  3    Str: 15    XL:     2   Next: 58%
Magic:  2/5        EV: 11    Int: 11    God:
Gold:   36         SH:  0    Dex: 11    Spells: 1 memorised, 4 levels left

rFire  x . .     SeeInvis .     a - +1 spear
rCold  + . .     Gourm    .     b - +0 leather armour
rNeg   + + +     Faith    .     (no shield)
rPois  ∞         Spirit   .     (no helmet)
rElec  .         Dismiss  .     (no cloak)
rCorr  .         Reflect  .     (no gloves)
SustAt .         Harm     .     (no boots)
MR     .....                    (no amulet)
Stlth  +.........               (no ring)
                                (no ring)

@: infused (expiring), not resistant to hostile enchantments, very unstealthy
A: no food or potions, fire vulnerability, cold resistance 1, negative energy
resistance 3, torment resistance, unbreathing
a: no special abilities


You were on level 1 of the Dungeon.
You were not hungry.

You visited 1 branch of the dungeon, and saw 2 of its levels.

You collected 36 gold pieces.

Inventory:

Hand Weapons
 a - a +1 spear (weapon)
Armour
 b - a +0 leather armour (worn)
Scrolls
 d - 2 scrolls of enchant weapon
 e - a scroll of identify {unknown}
 f - a scroll of remove curse
Books
 c - a book of Battle

   Spells                             Type                      Level
   a - Infusion                       Charms                       1
   b - Shroud of Golubria             Charms/Translocation         2
   c - Song of Slaying                Charms                       2
   d - Spectral Weapon                Hexes/Charms                 3
   e - Regeneration                   Charms/Necromancy            3


   Skills:
 - Level 2.0 Fighting
 + Level 2.6 Polearms
 - Level 0.7 Armour
 - Level 0.7 Dodging
 - Level 2.0 Spellcasting
 - Level 2.4 Charms


You had 4 spell levels left.
You knew the following spells:

 Your Spells              Type           Power        Failure   Level  Hunger
a - Infusion              Chrm           #...         17%         1    N/A

Dungeon Overview and Level Annotations

Branches:
Dungeon (2/15)

Altars:


Innate Abilities, Weirdness & Mutations

You do not eat or drink.
Your flesh is vulnerable to fire.
You are immune to poison.
Your flesh is cold resistant.
You are immune to negative energy.
You are immune to unholy pain and torment.
You can survive without breathing.


Message History

You climb upwards.
There is a stone staircase leading down here.
Casting: Infusion
Confirm with . or Enter, or press ? or * to list all spells.
You begin infusing your attacks with magical energy.
Unknown command.
You hit the worm.
The worm is moderately wounded.
The worm completely misses you.
You puncture the worm!
The worm is severely wounded.
The worm bites you!
* * * LOW HITPOINT WARNING * * *
You barely miss the worm.
The worm is severely wounded.
You barely miss the worm.
The worm is severely wounded.
Your magical infusion is running out.
The worm bites you!
You die...

.# ####.####.# #...# .#
##......##.# #...#
.#####..####....# #...####
.......## ##..## #......#
.##.#..# #.###### ######.#
.......## ##......## ######.##
..≈≈≈≈..####..≈≈≈≈..#####........
.≈≈≈≈≈≈......≈.§§≈≈....##.##.#..#
.≈≈≈≈≈≈......≈≈w@≈≈..#..........#
.≈≈≈≈≈≈......≈§§≈§≈....##..####.#
..≈≈≈≈...##...≈≈≈≈..#####.......#
#.......####.!.......#####.######
######.## #....####.##.......# #
#.# ###.##.####.##.......# # #.#
#............#.......# #
#.###.'########'.#.......# #
#.....#........#.#...%...# #


You could see a worm.

Vanquished Creatures
  A dart slug (D:1)
  A giant gecko (D:1)
  2 giant cockroaches
  2 hobgoblins (D:1)
  A ball python (D:1)
  3 bats
  2 giant newts (D:1)
  3 kobolds (D:1)
  3 rats (D:1)
18 creatures vanquished.

Notes
Turn   | Place    | Note
--------------------------------------------------------------
     0 | D:1      | Alarkh the Mummy Skald began the quest for the Orb.
     0 | D:1      | Reached XP level 1. HP: 16/16 MP: 3/3
   244 | D:1      | Reached XP level 2. HP: 22/22 MP: 0/5
   411 | D:1      | You fall through a shaft!
   698 | D:1      | Mangled by a worm

Skill      XL: |  1 |
---------------+----+-----
Polearms       | 2 |  2.6
Fighting       | |  2.0
Armour         | |  0.7
Dodging        | |  0.7
Spellcasting   | |  2.0
Charms         | |  2.4

Action                   || total
-------------------------++-------
Melee: Spear             ||    59
 Cast: Infusion          ||     7
  Use: Scroll            ||     2
Armor: Leather armour    ||    20
Dodge: Dodged            ||    19
